 Dungeon Sprint DCSS version 0.19-a0-27-g415f530 (webtiles) character file.

858 leos9 the Grappler (level 7, -17/82 (83) HPs)
             Began as a Troll Berserker on May 2, 2016.
             Was a Believer of Trog.
             Demolished by a boulder beetle (40 damage)
             ... in the Dungeon (Sprint II: "The Violet Keep of Menkaure").
             The game lasted 00:03:24 (155 turns).

leos9 the Grappler (Troll Berserker)                 Turns: 155, Time: 00:03:25

HP:   -17/82 (83)   AC:  5    Str: 28    XL:     7   Next: 71%
MP:   6/6           EV: 12    Int:  3    God:    Trog [**....]
Gold: 486           SH:  0    Dex:  9    Spells: 0 memorised, 6 levels left

rFire  . . .     SeeInvis .       - Unarmed
rCold  . . .     Gourm    +     a - +0 animal skin
rNeg   . . .     Faith    .     (no shield)
rPois  .         Spirit   .     (helmet restricted)
rElec  .         Dismiss  .     (no cloak)
rCorr  .         Reflect  .     (gloves unavailable)
SustAt .         Harm     .     (boots unavailable)
MR     .....     NoTele   +     (no amulet)
Stlth  +.........               (no ring)
                                (no ring)

@: exhausted, slowed, very slow, not resistant to hostile enchantments, very
unstealthy
A: unfitting armour, claws 3, fast metabolism 3, gourmand, regeneration 2,
shaggy fur 1, tough skin 2
a: Berserk, Trog's Hand, Burn Spellbooks, Renounce Religion


You were in the Dungeon.
You worshipped Trog.
Trog was pleased with you.
You were very full.

You visited 1 branch You collected 486 gold pieces.

Inventory:

Armour
 a - a +0 animal skin (worn)
Scrolls
 h - a scroll of blinking
Potions
 c - a potion of curing
 d - a potion of heal wounds
 e - a potion of haste
 f - 2 potions of magic
 g - a potion of berserk rage
Comestibles
 b - 2 bread rations
 i - a chunk of flesh


   Skills:
 + Level 9.0 Fighting
 + Level 8.2 Dodging
 + Level 10.4 Unarmed Combat


You had 6 spell levels left.
You didn't know any spells.

Dungeon Overview and Level Annotations

Branches:
Dungeon (1/1)

Altars:


Innate Abilities, Weirdness & Mutations

You are too large for most types of armour.
You have claws for hands.
Your metabolism is lightning-fast.
You like to eat raw meat.
You heal very quickly.
You are covered in fur (AC +1).
You have very tough skin (AC +2).


Message History

You feel a strong urge to attack something.
You are no longer berserk.
You are exhausted.
You feel yourself slow down. The boulder beetle bites you!!
* * * LOW HITPOINT WARNING * * *
There is an open door, spattered with blood here.
The boulder beetle curls into a ball and starts rolling!
There is a staircase leading out of the dungeon here.
The boulder beetle hits a rock wall.
The boulder beetle stops rolling.
There is an open door here.
You see here a necrophage corpse.
The boulder beetle curls into a ball and starts rolling!
The boulder beetle hits a rock wall.
The boulder beetle stops rolling.
The boulder beetle barely misses you.
A boulder beetle is nearby!
You scratch the boulder beetle but do no damage.
You mangle the boulder beetle!!
The boulder beetle is moderately wounded.
The boulder beetle bites you!!!
You die...

## ##. ## #..
#.# ####.#.#
##
##.###'###.##
#.).##.##...#
+.#.'.<.†.##+
#...##.##.B@#
##.###'###.##
## #.#§####
#.. ..# ##$
.## ## ##


You could see a boulder beetle.

Vanquished Creatures
  A siren (D)
  A boulder beetle (D)
  4 necrophages (D)
  3 worms (D)
9 creatures vanquished.

Vanquished Creatures (others)
  A crocodile (D)
1 creature vanquished.

Grand Total: 10 creatures vanquished

Notes
Turn   | Place    | Note
--------------------------------------------------------------
     0 | D        | leos9 the Troll Berserker began the quest for the Orb.
     0 | D        | Reached XP level 1. HP: 22/22 MP: 0/0
    12 | D        | Reached ** piety under Trog
    14 | D        | Reached skill level 4 in Unarmed Combat
    14 | D        | Reached XP level 2. HP: 25/31 MP: 1/1
    41 | D        | Noticed a necrophage
    41 | D        | Noticed a necrophage
    41 | D        | Noticed a necrophage
    41 | D        | Noticed a necrophage
    53 | D        | Killed a necrophage
    53 | D        | Reached skill level 5 in Fighting
    53 | D        | Reached skill level 5 in Unarmed Combat
    53 | D        | Reached XP level 3. HP: 41/41 MP: 2/2
    53 | D        | Reached XP level 4. HP: 49/49 MP: 3/3
    54 | D        | Killed a necrophage
    54 | D        | Reached skill level 5 in Dodging
    54 | D        | Reached skill level 7 in Unarmed Combat
    54 | D        | Reached XP level 5. HP: 58/58 MP: 4/4
    56 | D        | Killed a necrophage
    56 | D        | Reached XP level 6. HP: 67/67 MP: 5/5
    58 | D        | Reached skill level 8 in Unarmed Combat
   102 | D        | Noticed a siren
   109 | D        | Killed a siren
   109 | D        | Reached skill level 10 in Unarmed Combat
   109 | D        | Reached XP level 7. HP: 80/80 MP: 6/6
   130 | D        | Noticed a boulder beetle
   130 | D        | Noticed a boulder beetle
   142 | D        | Killed a boulder beetle
   155 | D        | Demolished by a boulder beetle

Vault maps used:
D:        the_violet_keep_of_menkaure

Skill      XL: |  1  2  3  4  5  6  7 |
---------------+----------------------+-----
Fighting       | 3 5 6 8 9 |  9.0
Dodging        | 3 4 5 6 7 8 |  8.2
Unarmed Combat | 4 5 7 10 | 10.4

Action                   |  1- 3 |  4- 6 |  7- 9 || total
-------------------------+-------+-------+-------++-------
Melee: Unarmed           |    18 |     9 |    12 ||    39
Invok: Berserk           |     1 |       |     1 ||     2
       Trog's Hand       |       |     2 |       ||     2
  Eat: Chunk             |     6 |     2 |       ||     8
Armor: Animal skin       |     3 |       |       ||     3
Dodge: Dodged            |     2 |     1 |     2 ||     5
